 Dungeon Crawl Stone Soup version 0.29.0-4-gdea44cf6ec (webtiles) character file.

Game seed: 10021965982484729309

583 qw the Chopper (level 7, 0/40 HPs)
             Began as a Tengu Warper on Aug 28, 2022.
             Slain by an ogre
             ... wielding a +0 giant club
              (19 damage)
             ... on level 4 of the Dungeon.
             The game lasted 00:00:20 (3306 turns).

qw the Chopper (Tengu Warper)                       Turns: 3306, Time: 00:00:20

Health: 0/40       AC: 12    Str: 13    XL:     7   Next: 37%
Magic:  11/11      EV:  3    Int: 13    God:
Gold:   160        SH: 15    Dex: 20    Spells: 10/10 levels left

rFire   + . .      SeeInvis .   Y - +2 hand axe
rCold   . . .      Faith    .   m - +0 kite shield
rNeg    . . .      Spirit   .   i - +0 plate armour
rPois   .          Reflect  +   (helmet restricted)
rElec   .          Harm     .   (no cloak)
rCorr   .          Rampage  .   b - +0 pair of gloves
Will    .....                   (boots unavailable)
Stlth   ..........              h - amulet of reflection
HPRegen 0.13/turn               k - +6 ring of dexterity
MPRegen 0.12/turn               n - ring of protection from fire

@: flying quickly and evasively, quick
A: beak, talons 3, nimble flight
a: no special abilities


You were on level 4 of the Dungeon.
You visited 1 branch of the dungeon, and saw 4 of its levels.

You collected 160 gold pieces.


Innate Abilities, Weirdness & Mutations

You have a beak for a mouth.
You have claws for feet.
Your magical nature lets you fly swiftly and evasively.


   Skills:
 - Level 2.0 Fighting
 + Level 6.0 Axes
 - Level 1.0 Throwing
 - Level 3.1 Armour
 - Level 2.1 Dodging
 - Level 4.6 Shields
 - Level 2.0 Spellcasting
 - Level 2.4 Translocations


You had 10 spell levels left.
You didn't know any spells.
Your spell library contained the following spells:

 Spells                   Type           Power      Damage    Failure   Level
 Blink                    Tloc           14%        N/A       100%        2
 Gell's Gravitas          Tloc           7%         N/A       100%        3
 Lesser Beckoning         Tloc           7%         N/A       100%        3
 Teleport Other           Tloc           7%         N/A       100%        3
 Manifold Assault         Tloc           7%         N/A       100%        5

Inventory:

Hand Weapons
 o - a +0 whip
 Y - a +2 hand axe (weapon)
Missiles
 d - 2 boomerangs
 l - a javelin (quivered)
Armour
 b - a +0 pair of gloves (worn)
 i - a +0 plate armour (worn)
 m - a +0 kite shield (worn)
Jewellery
 f - a ring of positive energy
 h - an amulet of reflection (around neck)
 k - a +6 ring of dexterity (left hand)
 n - a ring of protection from fire (right hand)
Scrolls
 c - a scroll of teleportation
Potions
 a - a potion of attraction {unknown}
 e - a potion of ambrosia {unknown}
 g - a potion of degeneration {unknown}
 j - a potion of flight {unknown}

Dungeon Overview and Level Annotations

Branches:
Dungeon (4/15)
 Temple: D:4-7

Altars:
Cheibriados
Fedhas


Message History

Throw: 4 javelins
Press: ? - help, Q - select action, (/) - cycle Shift-Dir - straight line, f - hound You throw a javelin.
The javelin closely misses the hound.
The hound barks!
Throw: 3 javelins
Press: ? - help, Q - select action, (/) - cycle Shift-Dir - straight line, f - hobgoblin You throw a javelin.
The javelin pierces through the hobgoblin but does no damage.
Throw: 2 javelins
Press: ? - help, Q - select action, (/) - cycle Shift-Dir - straight line, f/p - hobgoblin You throw a javelin.
The javelin barely misses the hobgoblin.
You hear a shout!
An ogre comes into view. It is wielding a +0 giant club.
You hit the hobgoblin.
The hobgoblin is almost dead.
You block the hobgoblin's attack.
You hit the hobgoblin.
You kill the hobgoblin!
You slash the ogre! You claw the ogre!
The ogre is heavily wounded.
You block the ogre's attack.
You hit the ogre but do no damage.
The ogre is heavily wounded.
You block the ogre's attack. The hound bites you.
You hit the ogre.
The ogre is heavily wounded.
You hit the hound. You block the hound's attack.
You hit the ogre. You claw the ogre. You peck the ogre.
The ogre is severely wounded.
You barely miss the hound. You block the hound's attack.
The ogre hits you with a +0 giant club! The hound bites you.
You hit the ogre.
The ogre is almost dead.
You hit the hound but do no damage. You block the hound's attack.
The ogre hits you with a +0 giant club!!
You die...

###### # ###)...### ##
##........## .#
#..........# .##
#.........## . ..#
##........## #..
..#####........## ...#
...............### ..>h.
.########....#.)@##.....(
## #...####hO....(# #
##.## ##.....(# ######
### ..?.#..# .....#
........# .....#
#......... ...>##
....####.# ...## ......
... .### ##..... #.


You could see an ogre and a hound.

Vanquished Creatures
  Grinder (D:3)
  Sigmund (D:2)
  Terence (D:3)
  Natasha (thrice) (D:3)
  Robin (D:3)
  5 adders
  A worm (D:2)
  3 dart slugs
  5 orcs (D:3)
  3 bats
  7 endoplasms
  A giant cockroach (D:3)
  8 goblins
  10 hobgoblins
  4 jackals (D:2)
  A quokka (D:3)
  4 ball pythons
  A frilled lizard (D:1)
  3 kobolds
  6 rats
69 creatures vanquished.

Notes
Turn   | Place    | Note
-------+----------+-------------------------------------------
     0 | D:1      | qw the Tengu Warper began the quest for the Orb.
     0 | D:1      | Reached XP level 1. HP: 12/12 MP: 4/4
     0 | D:1      | 0 ||| qw: Version: 0.1-a-89-g26bdef1
     0 | D:1      | 0 ||| qw: Game counter: 265
     0 | D:1      | 0 ||| qw: Always use a shield: true
     0 | D:1      | 0 ||| qw: God list: Okawaru
     0 | D:1      | 0 ||| qw: Allow faded altars: false
     0 | D:1      | 0 ||| qw: Do Orc after D:15 true
     0 | D:1      | 0 ||| qw: Do second Lair branch before Depths: true
     0 | D:1      | 0 ||| qw: Lair rune preference: random
     0 | D:1      | 0 ||| qw: Plans: Normal
     0 | D:1      | 0 ||| PLANNING D:1-11
   318 | D:1      | Reached XP level 2. HP: 13/17 MP: 6/6
   473 | D:1      | Reached skill level 3 in Axes
   562 | D:1      | 562 ||| DROPPING +0 club.
   626 | D:1      | 626 ||| Stepping ~*~*~tactically~*~*~ (hiding).
   843 | D:1      | 843 ||| UPGRADING to +0 plate armour.
   853 | D:1      | 853 ||| DROPPING +0 leather armour.
   854 | D:1      | 854 ||| UPGRADING to +0 kite shield.
   859 | D:1      | 859 ||| UPGRADING to ring of positive energy.
   860 | D:1      | 860 ||| UPGRADING to ring of protection from fire.
   861 | D:1      | 861 ||| READING scroll labelled VESKES GUKO.
   862 | D:1      | 862 ||| READING scroll labelled ORUOH KIESIU.
   863 | D:1      | 863 ||| READING scroll labelled AJYQ KOLIOD.
   864 | D:1      | 864 ||| READING scroll labelled EDUATY LACWUIFF.
   868 | D:1      | 868 ||| READING scroll labelled XANNON XOYM.
   869 | D:1      | 869 ||| DROPPING scroll of blinking.
   910 | D:2      | Reached skill level 1 in Shields
   910 | D:2      | Reached XP level 3. HP: 20/21 MP: 7/7
   925 | D:2      | 925 ||| Stepping ~*~*~tactically~*~*~ (hiding).
   927 | D:2      | 927 ||| Stepping ~*~*~tactically~*~*~ (hiding).
  1011 | D:2      | 1011 ||| FLEEEEING.
  1019 | D:2      | 1019 ||| STAIRDANCE
  1155 | D:1      | 1155 ||| READING scroll labelled CUDEWK CEIS.
  1156 | D:1      | 1156 ||| READING scroll labelled COESTA QIUCVO.
  1254 | D:2      | Noticed Sigmund
  1256 | D:2      | 1256 ||| Stepping ~*~*~tactically~*~*~ (hiding).
  1269 | D:2      | Killed Sigmund
  1270 | D:2      | Reached XP level 4. HP: 15/26 MP: 8/8
  1270 | D:2      | Gained mutation: Your magical nature lets you fly swiftly
                  | and evasively. [Tengu growth]
  1270 | D:2      | Reached XP level 5. HP: 17/30 MP: 9/9
  1401 | D:2      | Found a blossoming altar of Fedhas.
  1441 | D:2      | 1441 ||| FLEEEEING.
  1442 | D:2      | 1442 ||| FLEEEEING.
  1443 | D:2      | 1443 ||| FLEEEEING.
  1800 | D:2      | 1800 ||| UPGRADING to +0 pair of gloves.
  1805 | D:2      | 1805 ||| DROPPING scarf of harm.
  1806 | D:2      | 1806 ||| READING scroll labelled VIUS OREVEXO.
  1807 | D:2      | 1807 ||| READING scroll labelled NOUFRA FICK.
  1808 | D:2      | 1808 ||| READING scroll labelled POUPRI VORCHA.
  1938 | D:3      | 1938 ||| Stepping ~*~*~tactically~*~*~ (stealth).
  1941 | D:3      | 1941 ||| STAIRDANCE
  2009 | D:3      | 2009 ||| READING scroll of enchant weapon.
  2009 | D:3      | 2009 ||| ENCHANTING +1 hand axe.
  2020 | D:3      | Noticed Robin
  2021 | D:3      | 2021 ||| Stepping ~*~*~tactically~*~*~ (hiding).
  2023 | D:3      | 2023 ||| Stepping ~*~*~tactically~*~*~ (hiding).
  2026 | D:3      | 2026 ||| Stepping ~*~*~tactically~*~*~ (hiding).
  2037 | D:3      | Reached XP level 6. HP: 31/35 MP: 10/10
  2040 | D:3      | Reached skill level 4 in Axes
  2046 | D:3      | Killed Robin
  2374 | D:3      | Noticed Natasha
  2383 | D:3      | Killed Natasha
  2623 | D:3      | Noticed Grinder
  2630 | D:3      | Killed Grinder
  2631 | D:3      | Reached skill level 6 in Axes
  2631 | D:3      | Reached XP level 7. HP: 30/40 MP: 11/11
  2736 | D:3      | 2736 ||| Stepping ~*~*~tactically~*~*~ (hiding).
  2850 | D:3      | Noticed Natasha
  2851 | D:3      | 2851 ||| Stepping ~*~*~tactically~*~*~ (stealth).
  2853 | D:3      | 2853 ||| FLEEEEING.
  2854 | D:3      | 2854 ||| FLEEEEING.
  2855 | D:3      | 2855 ||| FLEEEEING.
  2856 | D:3      | 2856 ||| STAIRDANCE
  2899 | D:2      | 2899 ||| UPGRADING to amulet of reflection.
  2904 | D:2      | 2904 ||| UPGRADING to +6 ring of dexterity.
  2906 | D:2      | 2906 ||| READING scroll labelled VIYSEU EROLU.
  2914 | D:3      | Killed Natasha
  2982 | D:3      | Noticed Natasha
  2983 | D:3      | 2983 ||| Stepping ~*~*~tactically~*~*~ (stealth).
  2990 | D:3      | Killed Natasha
  3129 | D:3      | Noticed Terence
  3137 | D:3      | Killed Terence
  3138 | D:3      | Reached skill level 3 in Armour
  3178 | D:3      | Found a snail-covered altar of Cheibriados.
  3221 | D:3      | 3221 ||| DROPPING ring of wizardry.
  3232 | D:4      | 3232 ||| PLANNING OSSUARY
  3295 | D:4      | 3295 ||| Stepping ~*~*~tactically~*~*~ (stealth).
  3306 | D:4      | Slain by an ogre

Levels and vault maps discovered:
D:1:      dpeg_arrival_simpleton_c, layout_loops_cross, minmay_pentomino_x2
D:2:      layout_basic, basic_altar, uniq_sigmund
D:3:      layout_loops_ring, mainiacjoe_overflow_alcove_1,
          minmay_misc_feat_nine_boxes, uniq_robin, uniq_grinder, uniq_terence,
          uniq_natasha
D:4:      layout_cave_pods, enter_ossuary_5, hangedman_abyss_or_decor_passed,
          eino_tiny_chamber

Skill      XL: |  1  2  3  4  5  6  7 |
---------------+----------------------+-----
Axes           | 3 6 |  6.0
Shields        | 1 4 |  4.6
Armour         | 2 3 |  3.1
Fighting       | |  2.0
Throwing       | |  1.0
Dodging        | |  2.1
Spellcasting   | |  2.0
Translocations | |  2.4

Action                   |  1- 3 |  4- 6 |  7- 9 || total
-------------------------+-------+-------+-------++-------
Melee: Hand axe          |    49 |   108 |    26 ||   183
       Kick              |    10 |    21 |     9 ||    40
       Peck              |     3 |    15 |     6 ||    24
Throw: Boomerang         |     7 |     3 |     7 ||    17
       Javelin           |       |       |     4 ||     4
  Use: Scroll            |     7 |     4 |     1 ||    12
Armor: Leather armour    |     3 |       |       ||     3
       Plate armour      |     9 |    60 |     4 ||    73
Dodge: Dodged            |     8 |     9 |     1 ||    18
Block: Kite shield       |    10 |    45 |    15 ||    70

Table legend:
 A = Non-vault XP
 B = Vault XP
 C = Vault XP percentage of total XP
 D = Non-vault monster count
 E = Vault monster count
 F = Vault count percentage of total count
                 A         B        C        D         E       F
            +---------+---------+-------+---------+---------+-------
      Total |     232 |     601 |  72.1 |      53 |      16 |  23.2
            +---------+---------+-------+---------+---------+-------
        D:1 |      21 |       2 |   8.7 |      11 |       1 |   8.3
        D:2 |      60 |     225 |  78.9 |      18 |       2 |  10.0
        D:3 |     135 |     374 |  73.5 |      22 |      13 |  37.1
        D:4 |      16 |       0 |   0.0 |       2 |       0 |   0.0
            +---------+---------+-------+---------+---------+-------
